← All builds
Front / Legion / Economy first / OBSERVED BUILD

Standard front

Legion Front build order · Supreme Isthmus

Builds a Legion Vehicle Plant immediately, fights with Lance and Barrage toward middle, and takes an Advanced Metal Extractor around 9:22 as the standard eco-first Front play.

#eco · 56 distinct matches · 24 players · 81% of Legion Front games · team won 58% of 59 · Recently observed

HOW TO PLAY IT

Key timing: Legion Vehicle Plant by 0:55

  1. Take mex and wind, then rush Legion Vehicle Plant immediately.
  2. Finish Legion Vehicle Plant fast to start Barrage and Lance.
  3. Send first units to the coast to stop leaks, not middle.
  4. Push Barrage and Lance to the coast line before moving to mid.
  5. Add Advanced Metal Extractor and keep mixed vehicle army flowing.

Phase by phase

TYPICAL OF ITS 56 GAMES
  1. 1
  2. 2
  3. 3
PLAY THE OPENING

Follow the example game's first 6:00 step by step: what to build now, what comes next, and where it goes. At 1× it keeps pace with your own game.

  1. 1

    Up to the Legion Vehicle Plant

    Economy
    • Metal Extractor2Mex
    • Wind Turbine1Wind
    Order
    1. Legion Vehicle PlantLegion Vehicle Plant after 2 mex, 1 winddone ~0:47, middle half 0:37–0:55

    By 0:24 in all: 2 mex · 1 wind

    The example game in this phase · 2 steps
    1. Mex ×2
    2. Legion Vehicle PlantLegion Vehicle Plantdone 0:48 · typical 0:47
  2. 2

    Legion Vehicle Plant to 5:00

    Economy
    • Metal Extractor4Mex
    • Wind Turbine7Wind
    Builders
    • Legion Construction Vehicle2 Legion Construction Vehicle
    Army
    • Pharos3 Pharos
    • Wheelie3 Wheelie
    • Lance3 Lance
    • Barrage2 Barrage

    Some games also: Decurion (47%) · con turret (41%) · Radar Tower (37%)

    By 5:00 in all: 6 mex · 8 wind

    The example game in this phase · 29 steps
    1. WheelieWheelie ×3
    2. Legion Construction VehicleLegion Construction Vehicle
    3. AlarisAlaris
    4. Mex
    5. AlarisAlaris
    6. Legion Construction VehicleLegion Construction Vehicle
    7. Mex ×2
    8. Legion Construction VehicleLegion Construction Vehicle
    9. Mex
    10. DecurionDecurion
    11. Wind
    12. BarrageBarrage
    13. Wind
    14. PharosPharos
    15. BarrageBarrage
    16. PharosPharos
    17. Wind
    18. PharosPharos
    19. BarrageBarrage
    20. Wind
    21. PharosPharos ×3
    22. Wind
    23. DecurionDecurion
    24. BarrageBarrage
    25. Wind
    26. BarrageBarrage
    27. PharosPharos
    28. Wind
    29. BarrageBarrage
  3. 3

    5:00 to 10:00

    Economy
    • Metal Extractor1Mex
    • Wind Turbine17Wind
    Builders
    • Construction Turret1 Con turret
    Army
    • Pharos2 Pharos
    • Lance3 Lance

    Some games also: Decurion (46%) · Legion Construction Vehicle (46%) · energy storage (42%) · Radar Tower (41%) · Barrage (39%)

    By 10:00 in all: 7 mex · 24 wind · 1 energy storage · 2 con turret

    The example game in this phase · 131 steps
    1. Wind
    2. DecurionDecurion
    3. Wind
    4. Legion Construction VehicleLegion Construction Vehicle
    5. Wind
    6. LanceLance
    7. Wind ×2
    8. Legion Construction VehicleLegion Construction Vehicle
    9. Wind
    10. LanceLance
    11. Wind
    12. Mex
    13. Wind
    14. WheelieWheelie ×4
    15. Wind
    16. WheelieWheelie
    17. LanceLance
    18. Wind
    19. Mex
    20. Wind
    21. DecurionDecurion
    22. Wind
    23. LanceLance
    24. Wind
    25. LanceLance
    26. Wind
    27. Mex
    28. LanceLance
    29. Wind
    30. DecurionDecurion
    31. Wind
    32. CacophonyCacophony
    33. Wind
    34. LanceLance
    35. Wind
    36. LanceLance
    37. Wind
    38. Advanced Metal ExtractorT2 mexdone 10:20 · typical 9:13
    39. LanceLance
    40. Wind
    41. DecurionDecurion
    42. Wind
    43. Con turret
    44. Wind ×3
    45. Con turret
    46. Advanced Metal ExtractorT2 mex
    47. WheelieWheelie
    48. Con turret
    49. Wind
    50. WheelieWheelie ×4
    51. Converter
    52. Wind
    53. Legion Construction VehicleLegion Construction Vehicle
    54. Converter
    55. Advanced Metal ExtractorT2 mex
    56. Wind
    57. WheelieWheelie ×2
    58. Converter
    59. AlarisAlaris
    60. Wind
    61. AlarisAlaris ×2
    62. Converter
    63. Wind
    64. AlarisAlaris
    65. Converter
    66. Advanced Metal ExtractorT2 mex
    67. AlarisAlaris
    68. Wind
    69. Converter
    70. AlarisAlaris
    71. Wind
    72. AlarisAlaris ×2
    73. Wind
    74. AlarisAlaris ×3
    75. Wind
    76. AlarisAlaris ×3
    77. Wind
    78. Advanced Metal ExtractorT2 mex
    79. AlarisAlaris ×2
    80. Wind
    81. Legion Construction VehicleLegion Construction Vehicle
    82. Wind
    83. Legion Construction VehicleLegion Construction Vehicle
    84. AlarisAlaris
    85. Wind
    86. Pit BullPit Bull
    87. AlarisAlaris ×2
    88. WheelieWheelie ×2
    89. Wind
    90. WheelieWheelie
    91. Wind
    92. WheelieWheelie ×4
    93. Wind
    94. WheelieWheelie
    95. Wind ×2
    96. WheelieWheelie
    97. Wind
    98. WheelieWheelie
    99. Wind
    100. WheelieWheelie
    101. Wind
    102. WheelieWheelie
    103. Wind
    104. Pit BullPit Bull
    105. WheelieWheelie ×3
    106. Wind
    107. WheelieWheelie
    108. Wind
    109. WheelieWheelie ×2
    110. RattlesnakeRattlesnakenot finished by 15:00
    111. WheelieWheelie
    112. Wind
    113. WheelieWheelie ×3
    114. Wind
    115. WheelieWheelie
    116. Legion Construction VehicleLegion Construction Vehicle
    117. Wind
    118. Legion Construction VehicleLegion Construction Vehicle
    119. Wind
    120. WheelieWheelie
    121. Wind
    122. Con turret
    123. WheelieWheelie
    124. Wind
    125. WheelieWheelie
    126. Wind
    127. Con turret
    128. WheelieWheelie ×2
    129. Energy storage
    130. WheelieWheelie
    131. Wind ×2

Counts are medians over the build's games: half of them build more, half fewer. The example game is JesterB's (31 OS, 04/10/2026); pick another.

Team trades

IN AT LEAST 30% OF ITS GAMES

You hand over

Nothing regular.

You get

  • Tidal Generator4 Tidal from Pondfirst at 0:15 · in 39% of games
  • Tidal Generator4 Tidal from Pondfirst at 0:17 · in 34% of games
  • Advanced Construction Bot1 T2 con bot from Geo or Techfirst at 7:21 · in 46% of games

How it plays out

Typical game of this build, running totals by minute

Metal produced

010k20k30k
0:005:0010:0015:00

metal

Enemy metal destroyed

02.5k5k7.5k
0:005:0010:0015:00

metal

Own metal lost

05k10k
0:005:0010:0015:00

metal

59 games.

Show as table
ByMetal produced: This buildEnemy metal destroyed: This buildOwn metal lost: This build
1:0033000
2:008382123
3:0016389369
4:002737275204
5:003791660400
6:0049471490930
7:00609523701439
8:00734930131961
9:00889037552931
10:001041143813770
11:001252947474213
12:001457657794939
13:001624661086040
14:001891267966680
15:002093572128266
WHAT THE NUMBERS SAY

Standard front play, won more often than the other front position's economy-first build with less metal produced.

  • + Won 59% of games despite producing less metal than Geo sea's build.
  • − Loses more metal early than it destroys (333 lost vs 602 destroyed by 5:00 is the only positive window).
THE EXAMPLE YOU ARE READING

JesterB

30.8 OS · 04/10/2026

Open source match ↗

5 received units · includes a constructor
54 metal received · 9449 energy received

Allied construction assistance is unknown. Timings are observations, not a promise of solo reproducibility.

Typical milestones

Legion Vehicle Plant0:47Middle 50%: 0:37–0:55 · n=42
Advanced Metal Extractor9:13Middle 50%: 8:38–10:20 · n=39

Played most by

Hummell13games of this buildXuunnY8games of this buildXXMACGAMERXX5games of this build[Crd]Atlas4games of this buildTheGeneraI3games of this build